 Dungeon Crawl Stone Soup version 0.31.0-12-g77e489cdc1 (webtiles) character file.

Game seed: 8745702343279268807

42 Gadfly the Covered (level 3, -3/23 HPs)
             Began as a Gargoyle Fighter on Mar 7, 2024.
             Slain by Sigmund
             ... wielding a +0 scythe
              (8 damage)
             ... on level 2 of the Dungeon.
             The game lasted 00:01:12 (612 turns).

Gadfly the Covered (Gargoyle Fighter)                Turns: 612, Time: 00:01:13

Health: -3/23      AC: 10    Str: 19    XL:     3   Next: 56%
Magic:  4/4        EV:  9    Int:  8    God:
Gold:   56         SH:  0    Dex: 11    Spells: 2/2 levels left

rFire   . . .        a - +0 flail
rCold   . . .        c - +0 buckler
rNeg    + . .        b - +0 scale mail
rPois   ∞            (no helmet)
rElec   +            (no cloak)
rCorr   .            (no gloves)
SInv    .            (no boots)
Will    .....        (no amulet) Stlth
                     (no ring)
HPRegen 0.23/turn    (no ring)
MPRegen 0.09/turn

%: no passive effects
@: confused, mighty
A: sickness immunity, AC +3, negative energy resistance 1, electricity
resistance, torment resistance 1, petrification resistance
a: no special abilities


You were on level 2 of the Dungeon.
You visited 1 branch of the dungeon, and saw 2 of its levels.

You collected 56 gold pieces.

Inventory:

Hand Weapons
 a - a +0 flail (weapon)
Armour
 b - a +0 scale mail (worn)
 c - a +0 buckler (worn)
Scrolls
 e - 2 scrolls of identify
 f - 2 scrolls of revelation
 g - a scroll of teleportation
Potions
 d - 2 potions of might


   Skills:
 + Level 3.5 Fighting
 * Level 2.4 Maces & Flails
 + Level 3.5 Armour
 + Level 3.5 Shields
 * Level 1.4 Invocations
 * Level 1.0 Evocations


You had 2 spell levels left.
You didn't know any spells.
Your spell library was empty.

Dungeon Overview and Level Annotations

Branches:
Dungeon (2/15)

Altars:

Annotations:
D:2 Sigmund


Innate Abilities, Weirdness & Mutations

You are immune to sickness and miasma.
Your stone body is resilient. (AC +3)
You are immune to poison.
You resist negative energy. (rN+)
You are resistant to electric shocks. (rElec)
You are resistant to unholy torment.
You are immune to petrification.


Message History

Sigmund the Dreaded comes into view.
He is wielding a +0 scythe.
The goblin closely misses you.
You closely miss the goblin.
The goblin is severely wounded.
Sigmund shouts!
The goblin hits you but does no damage.
You hit the goblin.
You kill the goblin!
Sigmund points at you and mumbles some strange words.
The puff of flame hits you.
Things that are here:
a +0 club; a goblin corpse Sigmund completely misses you.
You closely miss Sigmund.
Sigmund points at you and mumbles some strange words.
The puff of flame hits you but does no damage.
You hit Sigmund.
Sigmund is lightly wounded.
Sigmund gestures at you while chanting.
The puff of flame hits you but does no damage.
Sigmund casts a spell.
Sigmund flickers and vanishes!
Deactivating autopickup; reactivate with Ctrl-A.
You thump something! Something hits you but does no damage.
You hit something. Something hits you!
You thump something! Something hits you!
* * * LOW HITPOINT WARNING * * *
You feel very mighty all of a sudden.
You barely miss something.
You hear some strange, mumbled words.
You are confused.
You bump into the rock wall.
You hear some strange, mumbled words.
A magic dart appears from out of thin air!
The magic dart hits you but does no damage.
You barely miss something. Something hits you but does no damage.
You barely miss something. Something hits you but does no damage.
You bump into the rock wall.
Something hits you but does no damage.
You're too confused to move!
Something hits you!
You die...

#......#.#.#.
#####........
#...#.#.#. #.#.......
#..###.### ##..##.#
####..#..##
##########...........
......{@.)..)........
....#.####.........##
. # .#..>......#
#.#.......?$#
...#.#.........
.####...########
#####


There were no monsters in sight!

Vanquished Creatures
  2 dart slugs (D:1)
  6 bats (D:1)
  3 endoplasms (D:1)
  A giant cockroach (D:1)
  2 goblins
  3 hobgoblins (D:1)
  2 quokkas (D:1)
  6 ball pythons (D:1)
  2 frilled lizards (D:1)
  4 kobolds (D:1)
  7 rats (D:1)
38 creatures vanquished.

Notes
Turn   | Place    | Note
-------+----------+-------------------------------------------
     0 | D:1      | Gadfly the Gargoyle Fighter began the quest for the Orb.
     0 | D:1      | Reached XP level 1. HP: 14/14 MP: 1/1
   150 | D:1      | Reached XP level 2. HP: 19/19 MP: 2/2
   162 | D:1      | Found a faded altar of an unknown god.
   169 | D:1      | Reached skill level 1 in Invocations
   268 | D:1      | Reached XP level 3. HP: 20/23 MP: 3/3
   522 | D:1      | Reached skill level 1 in Evocations
   595 | D:2      | Noticed Sigmund
   612 | D:2      | Slain by Sigmund

Illustrated notes

Levels and vault maps discovered:
D:1:      lemuel_arrival_room, layout_rooms, nicolae_ecumenical_snake_handling,
          minmay_pentomino_t4
D:2:      layout_rooms, serial_co_window_serial, co_window_paths_a,
          co_window_of_opportunity_a, co_window_paths_b, co_window_paths_b,
          co_window_paths_a, co_window_corner_a, co_window_paths_a,
          co_window_broadway_c, co_window_broadway_a,
          co_window_of_opportunity_b, glass_columns_c, glass_columns_a,
          glass_columns_b, glass_columns_a, glass_columns_b, basic_altar,
          serial_shops, nicolae_shop_rolled_up, uniq_sigmund

Skill      XL: |  1  2  3 |
---------------+----------+-----
Invocations    | 1 |  1.4
Evocations     | 1 |  1.0
Fighting       | |  3.5
Maces & Flails | |  2.4
Armour         | |  3.5
Shields        | |  3.5

Action                     || total
---------------------------++-------
  Melee: Flail             ||   104
    Use: Scroll            ||     3
         Potion            ||     1
 Armour: Scale mail        ||    93
  Dodge: Dodged            ||    41
  Block: Buckler           ||    16
